 Dungeon Crawl Stone Soup version 0.29-a0-266-gf56f883ddd (webtiles) character file.

Game seed: 12327974630142567441

394 Morbidden the Magician (level 7, -3/48 HPs)
             Began as a Djinni Conjurer on Mar 6, 2022.
             Slain by an orc warrior
             ... wielding a +0 battleaxe
              (9 damage)
             ... on level 4 of the Dungeon.
             The game lasted 00:06:36 (6016 turns).

Morbidden the Magician (Djinni Conjurer)            Turns: 6016, Time: 00:06:36

Health: -3/48      AC:  3    Str:  8    XL:     7   Next: 9%
Gold:   237        EV: 12    Int: 20    God:
                   SH:  0    Dex: 11

rFire   + + .      SeeInvis .   a - +1 dagger (elec)
rCold   . . .      Faith    .   (no shield)
rNeg    . . .      Spirit   .   n - +0 robe
rPois   ∞          Reflect  .   l - +0 helmet
rElec   .          Harm     .   (no cloak)
rCorr   .          Rampage  .   (no gloves)
Will    .....                   (boots unavailable)
Stlth   ++........              (no amulet)
HPRegen 0.16/turn               i - ring of protection from cold
MPRegen 0.00/turn               (no ring)

@: brilliant, flying
A: sickness immunity, fire resistance 2, cold vulnerability 1, float, innate
caster, HP casting, extra vitality 1
a: no special abilities


You were on level 4 of the Dungeon.
You visited 1 branch of the dungeon, and saw 4 of its levels.

You collected 237 gold pieces.

Inventory:

Hand Weapons
 a - a +1 dagger of electrocution (weapon)
Armour
 l - a +0 helmet (worn)
 n - a +0 robe (worn)
Jewellery
 i - a ring of protection from cold (left hand)
Scrolls
 b - 2 scrolls of acquirement {unknown}
 c - 3 scrolls of identify
 d - 3 scrolls of vulnerability
 f - a scroll of noise {unknown}
 g - 4 scrolls of teleportation {unknown}
 m - a scroll of fog {unknown}
Potions
 h - a potion of curing
 j - a potion of attraction {unknown}
 k - a potion of brilliance


   Skills:
 * Level 1.9 Fighting
 + Level 2.4 Dodging
 + Level 2.3 Stealth
 * Level 5.6 Spellcasting


You couldn't memorise any spells.
You knew the following spells:

 Your Spells              Type           Power      Damage    Failure   Level
a - Shock                 Conj/Air       100%       1d9       1%          1
b - Searing Ray           Conj           84%        2d7       1%          2
c - Dazzling Flash        Conj/Hex       84%        N/A       3%          3
d - Fulminant Prism       Conj/Hex       21%        3d13      11%         4
e - Static Discharge      Conj/Air       42%        N/A       1%          2
f - Magic Dart            Conj           100%       1d8       1%          1
g - Passwall              Tmut/Erth      35%        N/A       1%          2
z - Iskenderun's Mystic   Conj/Tloc      42%        2d10      11%         4
Your spell library was empty.

Dungeon Overview and Level Annotations

Branches:
Dungeon (4/15)
 Temple: D:4-7

Altars:
Hepliaklqana
Ru

Annotations:
D:4 1 runed translucent door, Veteran's ghost, amateur DECj


Innate Abilities, Weirdness & Mutations

You are immune to sickness and miasma.
You are immune to poison.
Your flesh is very heat resistant. (rF++)
You are vulnerable to cold. (rC-)
You float through the air rather than walking.
You learn spells naturally, not from books.
Your magical power is your life essence.
You have superior vitality. (+4 MHP)


Message History

The spell is quite dangerous to miscast (11% risk of failure)!
Continue anyway?
You erupt in a blast of force!
The mystic blast hits the orc warrior.
The orc warrior is moderately wounded.
The orc warrior is knocked back by the mystic blast.
The orc warrior collides with the orc!
The orc is almost dead.
Unknown command.
Unknown command.
Unknown command.
The orc attacks as you move away! The orc closely misses you.
The orc attacks as you move away! The orc hits you with a +0 hand axe.
The orc attacks as you move away! The orc hits you with a +0 hand axe.
* * * LOW HITPOINT WARNING * * *
Unknown command.
Okay, then.
As you read the scroll labelled RUSUOQO KICWOT, it crumbles to dust.
It is a scroll of identify.
d - 3 scrolls of vulnerability The orc hits you with a +0 hand axe.
* * * LOW HITPOINT WARNING * * *
Unknown command.
It was a potion of curing.
You feel better. The orc hits you with a +0 hand axe.
* * * LOW HITPOINT WARNING * * *
Unknown command.
Unknown command.
It was a potion of brilliance.
You feel clever all of a sudden. The orc hits you with a +0 hand axe!
* * * LOW HITPOINT WARNING * * *
Unknown command.
You feel better. The orc barely misses you.
Unknown command.
Unknown command.
Okay, then.
It was a potion of flight.
You feel more buoyant. The orc barely misses you. x2
The orc warrior hits you with a +0 battleaxe!
You die...

###########
####..........#
..#h....#
#.#####
#.$.....#
#..oo.######
#<....#
###.##@.......
##...##
#....o........
####
#.#.##########
#.#..# #######
#.##... #.<...#
#o.##....#.#
#.....###..#
#..(#.##
###.....##...#
$.....
.#...........#
o.8.#


You could see an orc warrior and 2 orcs.

Vanquished Creatures
  A scorpion (D:4)
  A jelly (D:4)
  An orc priest (D:4)
  Jessica (D:2)
  2 orc wizards
  7 gnolls
  2 adders (D:4)
  An ufetubus (D:4)
  2 worms (D:4)
  3 dart slugs
  3 orcs (D:3)
  5 ball pythons
  4 bats (D:1)
  12 endoplasms
  3 giant cockroaches
  6 goblins
  7 hobgoblins
  10 jackals
  8 kobolds
  6 quokkas
  5 frilled lizards
  7 rats
97 creatures vanquished.

Vanquished Creatures (others)
  A fulminant prism (D:4)
1 creature vanquished.

Grand Total: 98 creatures vanquished

Notes
Turn   | Place    | Note
-------+----------+-------------------------------------------
     0 | D:1      | Morbidden the Djinni Conjurer began the quest for the Orb.
     0 | D:1      | Reached XP level 1. HP: 15/15 MP: 0/0
   258 | D:1      | Reached XP level 2. HP: 16/21 MP: 0/0
   831 | D:1      | Reached XP level 3. HP: 23/25 MP: 0/0
   831 | D:1      | Learned a level 1 spell: Shock
  1757 | D:1      | Reached skill level 4 in Spellcasting
  2964 | D:2      | Reached XP level 4. HP: 28/31 MP: 0/0
  3064 | D:2      | Noticed Jessica
  3068 | D:2      | Killed Jessica
  3736 | D:2      | Reached skill level 1 in Fighting
  3862 | D:3      | Found a hazy altar of Hepliaklqana.
  3879 | D:3      | Found a sacrificial altar of Ru.
  3982 | D:3      | Reached XP level 5. HP: 33/37 MP: 0/0
  3982 | D:3      | Learned a level 2 spell: Static Discharge
  4788 | D:4      | Noticed a black bear
  4890 | D:4      | Reached XP level 6. HP: 35/42 MP: 0/0
  4981 | D:4      | Noticed an orc warrior
  5046 | D:4      | Reached skill level 5 in Spellcasting
  5552 | D:4      | Found a runed translucent door.
  5553 | D:4      | Noticed Veteran's ghost (amateur DECj)
  5965 | D:4      | Reached XP level 7. HP: 46/48 MP: 0/0
  5965 | D:4      | Learned a level 2 spell: Passwall
  6014 | D:4      | HP: 1/48 [orc/+0 hand axe (7)]
  6016 | D:4      | Slain by an orc warrior

Illustrated notes

Levels and vault maps discovered:
D:1:      lemuel_arrival_river_passageway, layout_basic
D:2:      layout_basic, uniq_jessica
D:3:      layout_basic, jmf_multi_god_temple, skrybe_limestone_x
D:4:      layout_loops_cross, ebering_ghost_reflecting_pool,
          guppyfry_early_orc_mine

Skill      XL: |  1  2  3  4  5  6 |
---------------+-------------------+-----
Spellcasting   | 4 5 |  5.6
Fighting       | 1 |  1.9
Stealth        | 2 |  2.3
Dodging        | |  2.4

Action                   |  1- 3 |  4- 6 |  7- 9 || total
-------------------------+-------+-------+-------++-------
Melee: Dagger            |       |       |     1 ||     1
 Cast: Magic Dart        |    87 |    56 |       ||   143
       Shock             |       |    62 |     3 ||    65
       Searing Ray       |       |     6 |       ||     6
       Static Discharge  |       |     2 |       ||     2
       Fulminant Prism   |       |     1 |       ||     1
       Iskenderun's Myst |       |       |     3 ||     3
  Use: Potion            |       |       |     4 ||     4
       Scroll            |       |       |     1 ||     1
Armor: Robe              |     1 |       |       ||     1
Dodge: Dodged            |     5 |    12 |     6 ||    23

Table legend: (Time is in decaauts)
 A = Elapsed time spent in this place.
 B = Non-inter-level travel time spent in this place.
 C = Inter-level travel time spent in this place.
 D = Time resting spent in this place.
 E = Time spent auto-exploring this place.
 F = Levels seen in this place.
 G = Mean time per level.
                   A        B        C        D        E       F      G
               +--------+--------+--------+--------+--------+-----+--------+
         Total |   6016 |   5865 |    151 |     55 |   5308 |   4 | 1504.0 |
       Dungeon |   6016 |   5865 |    151 |     55 |   5308 |   4 | 1504.0 |
               +--------+--------+--------+--------+--------+-----+--------+

Top non-repeatable levels by time:
     D:1: 2850 daAuts
     D:4: 1117 daAuts
     D:3: 1038 daAuts
     D:2: 1009 daAuts
